[Event "Croatian 1A League 2022"]
[Site "Porec"]
[Date "2022.09.25"]
[Round "2.16"]
[White "Plenca, Julijan"]
[Black "Fucak, Emilio Milko"]
[Result "1-0"]
[ECO "C03"]
[WhiteElo "2447"]
[BlackElo "2187"]
[Annotator "TA"]
[PlyCount "175"]
[EventDate "2022.09.24"]
[EventType "team-tourn"]
[EventCountry "CRO"]
[SourceTitle "playchess.com"]
[Source "ChessBase"]
[SourceQuality "1"]
[TimeControl "40/5400+30:1800+30"]

1. e4 e6 2. d4 d5 3. Nd2 Be7 4. Ngf3 Nf6 5. Bd3 c5 6. exd5 exd5 7. dxc5 Bxc5 8. O-O O-O 9. Nb3 {[%emt 0:00:34] C03: French Tarrasch: Unusual Black 3rd moves.} Bb6 10. h3 h6 11. Bf4 {[%emt 0:03:16] White has an edge.} Nc6 {[%emt 0:00:39] [#]} 12. Re1 $146 ({Predecessor:} 12. c3 Re8 13. Bc2 Ne4 14. Nbd4 Qf6 15. Bh2 Bd7 16. Qd3 Rad8 17. Rae1 g6 18. Re2 {1-0 (45) Nebolsina,V (2220)-Bivol,A (2356) Sochi 2017}) 12... Re8 13. Rxe8+ Qxe8 14. c3 Be6 15. Nfd4 Qd7 16. Be3 Ne5 17. Bb5 Qe7 18. Nxe6 fxe6 (18... Bxe3 $11 {is more appropriate.} 19. Nxg7 Bxf2+ 20. Kxf2 Kxg7) 19. Bxb6 $14 axb6 20. Qd4 Qd6 21. Re1 Nf7 22. a3 e5 23. Qe3 Rd8 24. Bd3 Kf8 25. Rd1 Qc7 26. Bg6 Nh8 27. Bf5 {[%emt 0:00:43] White is more active.} Nf7 28. Bg6 Nh8 $1 29. Qg3 (29. Bb1 $16) 29... Qc4 30. Nc1 (30. Bc2 $14) 30... Nxg6 $11 31. Qxg6 Re8 32. Qg3 Qb5 33. Nd3 e4 34. Nf4 Qxb2 35. Ng6+ Kg8 36. Nh4 $1 e3 ({Resist} 36... Qxa3 37. Nf5 Qf8 38. Nxh6+ Kh7 39. Nf5 $14) 37. fxe3 Ne4 38. Qg4 ({White should try} 38. Qg6 $1 $11 Qf2+ 39. Kh2) 38... Qf2+ $15 (38... Qxc3 39. Nf5 $14) 39. Kh2 {[%emt 0:00:34] [#] Threatens to win with Nf5.} Qxe3 ({Black should play} 39... Nf6 $15 40. Qf4 Qxe3 41. Qxe3 Rxe3) 40. Nf5 $11 Qxc3 41. Nxh6+ Kh7 42. Nf5 {[%emt 0:00:08] Intending Qh5+ and mate. Chess con chili.} Qc7+ 43. Kg1 {[%emt 0:00:25] [#] Qh5+ is the strong threat.} Qc5+ 44. Nd4 Nf6 {[%emt 0:04:26] Against Qh5+} 45. Qf5+ Kg8 46. Kh1 (46. Qd3 $15) 46... Ne4 ({Better is} 46... Qxa3 $17 47. Qf4 Qb4) 47. Qg6 $2 (47. Kh2 $11 {and White has nothing to worry.}) 47... Re5 $2 (47... Re7 $19 {aiming for ...Nf2+.} 48. Kh2 (48. Ne6 $2 Qc2 $19) 48... Qc7+ 49. Kg1 Nc3) 48. Kh2 Qd6 49. Qxd6 Nxd6 {[%emt 0:00:02][%mdl 4096] Endgame KRN-KRN} 50. Nf3 Rf5 51. h4 Nc4 52. a4 Ne3 53. Rb1 Rf4 54. Rxb6 Rxa4 55. Rxb7 Ra2 56. Ng5 g6 57. Kg3 Rxg2+ (57... Nf5+ $11 58. Kf4 Rxg2) 58. Kf3 $1 $14 d4 59. Rb8+ Kg7 60. Ne6+ Kf7 61. Nxd4 Rg4 62. Kxe3 {[%emt 0:00:26] Strongly threatening Rb7+.} Rxh4 {[%emt 0:00:03] KRN-KR} 63. Rb7+ Kf6 64. Rb6+ Kf7 65. Nf3 Ra4 66. Ne5+ Ke7 67. Rxg6 Rh4 68. Ra6 {[%emt 0:00:16] Threatening mate with Ng6+.} Kd8 69. Ra7 Kc8 70. Kd3 Rb4 71. Nc4 Kb8 72. Ra1 Kc7 73. Kd4 Kd7 74. Kc5 Rb3 75. Re1 Rc3 76. Kd4 Rc2 77. Kd5 Rg2 78. Re6 Rg1 79. Ne5+ Kc7 80. Re7+ Kb6 81. Nc4+ Kb5 82. Rb7+ Ka6 83. Rb6+ Ka7 84. Rb2 Rc1 85. Rb4 {[%emt 0:00:14] White is better.} Rc2 86. Kc6 Rc1 87. Kc7 Ka6 88. Kb8 {[%emt 0:00:08] Weighted Error Value: White=0.19 (very precise) /Black=0.18 (very precise)} 1-0

[Event "Croatian 1A League 2022"]
[Site "Porec"]
[Date "2022.09.25"]
[Round "2.17"]
[White "Medancic, Rikard"]
[Black "Plenca, Jadranko"]
[Result "0-1"]
[ECO "D00"]
[WhiteElo "2120"]
[BlackElo "2412"]
[Annotator "TA"]
[PlyCount "126"]
[EventDate "2022.09.24"]
[EventType "team-tourn"]
[EventCountry "CRO"]
[SourceTitle "playchess.com"]
[Source "ChessBase"]
[SourceQuality "1"]
[TimeControl "40/5400+30:1800+30"]

1. d4 Nf6 2. Bf4 d5 3. e3 c5 4. dxc5 Nc6 5. Bb5 Qa5+ 6. Nc3 {[%emt 0:00:36] Threatening a3. D00: 1 d4 d5: Unusual lines.} e6 (6... a6 $11 7. Bxc6+ bxc6) 7. a3 $1 $16 Ne4 8. Nge2 {[%emt 0:01:09] White is clearly better.} Nxc3 9. Nxc3 Be7 10. b4 Qd8 11. Rb1 O-O 12. O-O Bf6 13. Qd2 {[%emt 0:05:19] [#]} e5 $146 ({Predecessor:} 13... Ne5 14. Rfd1 a6 15. Be2 Ng6 16. Bg3 Re8 17. Na4 b5 18. cxb6 Bd7 19. Nc5 Bc6 {1-0 (30) Balabayeva,K (2177)-Gatterer,F (2167) Chess.com INT 2022}) 14. Bg3 Be6 15. Rfd1 Ne7 16. f4 e4 17. Qe1 Qc8 18. Bh4 {[%emt 0:00:29] Strongly threatening Bxf6.} Bxh4 19. Qxh4 Nf5 (19... f6 $16) 20. Qf2 (20. Qe1 $18) 20... Rd8 (20... b6 $16) 21. g4 $18 Ne7 22. f5 Bd7 23. Be2 {[%emt 0:09:07] And now f6 would win.} Qc6 (23... Bc6 {might work better.} 24. Rd2 f6) 24. Nb5 b6 25. Nd4 Qc7 26. f6 Ng6 27. c6 Bxc6 28. Rdc1 ({White should try} 28. fxg7 $18 {Threatens to win with Nf5.} Kxg7 29. Rbc1 (29. Rf1 Kg8 $16)) 28... Bd7 $14 29. c4 dxc4 $1 30. Bxc4 Qe5 (30... Bxg4 $2 31. Be6 $1 Qe5 32. Bxg4 $18) 31. fxg7 Qxg7 32. h3 Ne5 33. Be2 (33. Qg3 $11) 33... h5 $15 34. Qf4 hxg4 35. Qxe4 {[%emt 0:00:22] [#]} (35. Kh2 $17) 35... Nf3+ $1 $19 (35... gxh3+ 36. Kh2 $11) 36. Kf2 $2 (36. Kh1 {was the only chance.} Ng5 37. Qf4 Nxh3 38. Qg3) 36... Nxd4 ({Wrong is} 36... Nd2 $2 37. Qf4 g3+ 38. Kg2 Nxb1 39. Rxb1 $17) (36... Ng5 $19 37. Qg2 gxh3 38. Qxg5 Qxg5) 37. Qxd4 $17 Qxd4 {[%emt 0:00:19] Dancing on a razor blade.} 38. exd4 gxh3 ({Stronger than} 38... Bf5 39. Rb3 $17) 39. Rg1+ {[%emt 0:00:48] [#]} Kf8 $1 40. Bg4 Rac8 41. Bxd7 Rxd7 42. Rbc1 $2 {[%emt 0:04:07][%mdl 8192] Prevents Rc2+. Now White is beyond hope.} (42. Rg3 $17) 42... Rxc1 $19 43. Rxc1 Rxd4 {[%emt 0:00:02][%mdl 4096] Endgame KR-KR} 44. Rc7 a5 45. bxa5 bxa5 46. Rc3 Rd2+ 47. Kg1 h2+ ({Don't blunder} 47... Rg2+ $2 48. Kf1 $19) 48. Kh1 Ra2 49. Re3 f6 50. Rf3 Kf7 51. Re3 Kg6 52. Rb3 f5 53. a4 Rxa4 54. Kxh2 Kg5 {[%emt 0:00:04] Black mates.} 55. Kg3 Rb4 56. Rc3 a4 57. Rc8 Rb3+ 58. Kf2 a3 59. Rc4 f4 60. Rc8 Kg4 61. Rg8+ Kf5 62. Re8 Rc3 63. Ke2 Re3+ {[%emt 0:00:06] Weighted Error Value: White=0.75/Black=0.25 (precise)} 0-1

[Event "Croatian 1A League 2022"]
[Site "Porec"]
[Date "2022.09.25"]
[Round "2.18"]
[White "Cotic, Borna"]
[Black "Mihalic, Goran"]
[Result "1/2-1/2"]
[ECO "B44"]
[WhiteElo "2133"]
[BlackElo "2023"]
[Annotator "TA"]
[PlyCount "96"]
[EventDate "2022.09.24"]
[EventType "team-tourn"]
[EventCountry "CRO"]
[SourceTitle "playchess.com"]
[Source "ChessBase"]
[SourceQuality "1"]
[TimeControl "40/5400+30:1800+30"]

1. e4 c5 2. Nf3 e6 3. c4 Nc6 4. d4 cxd4 5. Nxd4 Bc5 6. Nb3 {[%emt 0:00:18] B44: Sicilian: Taimanov: 5 Nb5.} Bb4+ 7. Bd2 Bxd2+ ({Better is} 7... a5 $11) 8. Qxd2 $14 {[%emt 0:00:09] White is slightly better.} ({Don't play} 8. N1xd2 Nf6 $11) 8... Nf6 9. Nc3 O-O 10. Be2 Qe7 11. O-O {[%emt 0:03:29] [#]} d6 $146 ({Predecessor:} 11... b6 12. Rad1 Rd8 13. Nb5 Bb7 14. Nd6 Ba6 15. f4 e5 16. Nf5 Qe6 17. Qc2 Nb4 {0-1 (69) Schwiddessen,J (1506)-Hinterreiter,M (1722) Playchess.com INT 2009}) 12. Rfd1 Rd8 13. Rac1 b6 14. Nd4 Nxd4 15. Qxd4 Bb7 16. Bf3 Bc6 17. b4 Rac8 18. a4 h6 19. Ra1 Ba8 (19... e5 $11 {keeps the balance.} 20. Qe3 Bd7) 20. a5 $16 Qc7 21. Nb5 Qxc4 22. Nxa7 {[%emt 0:01:25] White is more active.} Qxd4 23. Rxd4 Rb8 (23... Rc2 $142) 24. e5 $2 ({Only move:} 24. a6 $16) 24... Nd5 $11 25. exd6 {[%emt 0:02:24] [#] Hoping for a6.} bxa5 26. Bxd5 Bxd5 27. Rxa5 Rxd6 28. h4 Rd7 (28... Rdb6 $5 29. b5 R8b7 $15) 29. b5 Rbb7 30. Rda4 ({Don't blunder} 30. Nc6 $2 Bxc6 31. Ra8+ Kh7 32. bxc6 Rb1+ 33. Kh2 Rxd4 $19) 30... Bb3 ({Black should play} 30... Rdc7 $15) 31. Ra3 Bc4 32. Rc3 Rxa7 (32... Be2 $5 33. Rc2 Bd3 $17) 33. Rxa7 {[%emt 0:00:07] The position is equal.} Rxa7 34. Rxc4 $15 {[%emt 0:00:04][%mdl 4096] Endgame KR-KR} Kf8 35. Rc8+ Ke7 36. Rb8 {[%emt 0:00:41] Inhibits Rb7.} Kd6 37. b6 Rd7 38. b7 f6 39. f4 Kc7 40. Re8 Kxb7 41. Rxe6 Kc7 42. Kf2 Kd8 43. Kf3 Rd3+ 44. Kg4 Kd7 45. f5 Rd5 46. Ra6 Ke7 47. Ra7+ Kf8 48. g3 Kg8 {[%emt 0:00:47] Weighted Error Value: White=0.11 (very precise) /Black=0.13 (very precise)} 1/2-1/2

[Event "Croatian 1A League 2022"]
[Site "Porec"]
[Date "2022.09.25"]
[Round "2.19"]
[White "Donchenko, Alexander"]
[Black "Vavulin, Maxim"]
[Result "1-0"]
[ECO "E15"]
[WhiteElo "2639"]
[BlackElo "2550"]
[Annotator "TA"]
[PlyCount "63"]
[EventDate "2022.09.24"]
[EventType "team-tourn"]
[EventCountry "CRO"]
[SourceTitle "playchess.com"]
[Source "ChessBase"]
[SourceQuality "1"]
[TimeControl "40/5400+30:1800+30"]

1. d4 Nf6 2. c4 e6 3. Nf3 b6 4. g3 Ba6 5. Qc2 Bb7 6. Bg2 c5 7. d5 {[%emt 0:00:20] E15: Queen's Indian: 4 g3 sidelines, 4 g3 Ba6 and 4 g3 Bb7 early deviations.} exd5 8. cxd5 Nxd5 9. O-O {[%emt 0:00:15] The position is equal.} Be7 {[%emt 0:02:44] Against Ng5} 10. Rd1 {[%emt 0:00:35] Threatens to win with Qe4.} Nc6 11. Qf5 ({Avoid the trap} 11. Rxd5 $2 Nb4 12. Qd1 Bxd5 $17) 11... Nf6 12. e4 g6 13. Qf4 O-O 14. e5 Nh5 15. Qc4 Na5 16. Qd3 {[%emt 0:02:52] [#]} f6 $146 (16... Ng7 $11) ({Predecessor:} 16... Qc7 17. Nc3 Rad8 18. Nb5 Qb8 19. Bh6 Ng7 20. Qc3 Bxf3 21. Bxf3 Nc6 22. Re1 f6 {½-½ (30) Costa Trillo,V (2377)-Marquez Abreu,C (2434) ICCF email 2020}) 17. Bh6 $14 Rf7 18. Nc3 Bf8 19. Be3 ({But not} 19. e6 Re7 20. g4 (20. Bxf8 Qxf8 21. exd7 Rd8 $17) 20... Bxh6 $15) 19... d5 (19... Rc8 $16) 20. Nxd5 $18 Qxd5 21. Qxd5 Bxd5 22. Rxd5 Nc4 23. Bc1 {[%emt 0:01:28] Black must now prevent g4.} Re8 24. g4 Ng7 25. exf6 Rxf6 26. b3 Nd6 27. Bb2 {[%emt 0:01:16] This bishop pair is nice.} Rfe6 28. Ne5 {[%emt 0:04:01] White is more active.} Nf7 (28... h5 $16) 29. f4 Bd6 {[%emt 0:00:27][%cal Rf7e5] [#]} 30. Nxf7 Kxf7 31. Rad1 Rd8 (31... Re1+ $142 32. Bf1 (32. Rxe1 Rxe1+ 33. Kf2 Re6 $18) 32... Bxf4) 32. Bf1 {[%emt 0:00:52] Weighted Error Value: White=0.04 (flawless) /Black=0.24 (precise)} 1-0

[Event "Croatian 1A League 2022"]
[Site "Porec"]
[Date "2022.09.25"]
[Round "2.20"]
[White "Fercec, Nenad"]
[Black "Livaic, Leon"]
[Result "1/2-1/2"]
[ECO "B43"]
[WhiteElo "2403"]
[BlackElo "2565"]
[Annotator "TA"]
[PlyCount "119"]
[EventDate "2022.09.24"]
[EventType "team-tourn"]
[EventCountry "CRO"]
[SourceTitle "playchess.com"]
[Source "ChessBase"]
[SourceQuality "1"]
[TimeControl "40/5400+30:1800+30"]

1. e4 c5 2. Nf3 e6 3. d4 cxd4 4. Nxd4 a6 5. Nc3 b5 6. Bd3 Bb7 7. O-O Nc6 8. Nxc6 Bxc6 {[%emt 0:00:04] [#]} 9. Qh5 $146 {[%emt 0:03:34] B43: Sicilian: Kan Variation: 5 Nc3.} ({Predecessor:} 9. Re1 Bd6 10. e5 Bc7 11. Be4 Ne7 12. Bxc6 Nxc6 13. Bf4 O-O 14. Qg4 Kh8 15. Qg3 Ba5 16. Rad1 Bxc3 17. Qxc3 {1-0 (46) Alekseenko,K (2698)-Dubov,D (2711) Chess.com INT 2022}) 9... Nf6 10. Qe2 b4 11. Nb1 d5 12. Nd2 Be7 13. e5 Nd7 14. Nb3 Bb5 15. Bxb5 axb5 16. Nd4 Qb6 {[%emt 0:22:33] Inhibits Nc6.} 17. Nxb5 O-O 18. Be3 Bc5 19. Bxc5 Qxc5 20. a4 bxa3 $1 21. Rxa3 Rab8 22. Rb3 Qc4 23. Qxc4 dxc4 24. Rb4 Nxe5 25. f4 {[%emt 0:05:50] [#]} ({White should try} 25. Re1 $15 Rfd8 26. b3) 25... Ng4 $1 $19 {[%emt 0:01:24] And now ...Ne3 would win.} 26. Ra1 Rfd8 (26... Ne3 $17 27. Ra5 Rfd8) 27. c3 $11 h5 {[%emt 0:03:23] ...Ne3 is the strong threat.} 28. Na3 $1 Ne3 29. Rxb8 Rxb8 {[%emt 0:00:03][%mdl 4096] Endgame KRN-KRN} 30. Re1 Nd5 31. Nxc4 Nxf4 32. g3 Nd5 33. Kf2 Kf8 34. Ra1 g5 35. Ke2 h4 36. Ra7 hxg3 37. hxg3 Kg7 38. Kf3 Kf6 39. Nd6 Rxb2 40. Rxf7+ Kg6 {[%emt 0:00:00] [#] Hoping for ...g4+.} 41. Rf8 Nxc3 42. Rg8+ Kf6 43. Rc8 Rb3 {[%emt 0:01:10] aiming for ...Nb5+.} 44. Kg4 {[%emt 0:00:28][%cal Oc8c3] Black must now prevent Rxc3!} Rb4+ 45. Rc4 {[%emt 0:02:15] The position is equal.} Rxc4+ 46. Nxc4 {[%emt 0:00:04] KN-KN} Nd5 47. Kh5 Nc3 48. Kg4 Ne4 49. Kf3 Nc5 50. Kg4 Nd3 51. Nd6 Kg6 52. Kf3 Ne5+ 53. Ke4 Ng4 54. Nb7 Kf6 55. Nd6 Nh6 56. Ne8+ Ke7 57. Nc7 Nf5 58. Ke5 Nxg3 59. Nxe6 Ne2 60. Nxg5 {[%emt 0:00:05] Weighted Error Value: White=0.07 (flawless) /Black=0.08 (flawless)} 1/2-1/2

[Event "Croatian 1A League 2022"]
[Site "Porec"]
[Date "2022.09.25"]
[Round "2.21"]
[White "Christiansen, Johan-Sebastian"]
[Black "Krsnik Cohar, Ivan Vihor"]
[Result "1/2-1/2"]
[ECO "C45"]
[WhiteElo "2583"]
[BlackElo "2296"]
[Annotator "TA"]
[PlyCount "143"]
[EventDate "2022.09.24"]
[EventType "team-tourn"]
[EventCountry "CRO"]
[SourceTitle "playchess.com"]
[Source "ChessBase"]
[SourceQuality "1"]
[TimeControl "40/5400+30:1800+30"]

1. e4 e5 2. Ne2 Nc6 3. d4 exd4 4. Nxd4 Nf6 5. Nxc6 bxc6 6. Nd2 Bc5 7. Bd3 O-O 8. O-O d5 9. h3 Re8 10. Qf3 {[%emt 0:07:31] C45: Scotch Game.} Nd7 11. exd5 Ne5 {[%emt 0:00:06][%csl LRd5,LRf3] [#]} 12. Qe4 $146 {[%emt 0:00:10] Black is slightly better.} ({Predecessor:} 12. Qg3 cxd5 13. Nb3 Nxd3 14. cxd3 Bb6 15. Bf4 Ba6 16. Rfe1 Re6 17. Rxe6 fxe6 18. Rc1 {1-0 (33) Paronen,P-Tusa,T Helsinki 1997}) 12... Nxd3 (12... g6 {seems wilder.} 13. Qa4 cxd5 14. Bb5 Bd7) 13. Qxd3 Qxd5 (13... cxd5 {keeps more tension.} 14. Nb3 Bd6 15. Rd1 Qe7) 14. Qxd5 (14. Nb3 {with more complications.} Bb6 15. Be3 Bf5 16. Qxd5 cxd5 17. c3) 14... cxd5 15. Nb3 Bb6 16. a4 {[%emt 0:04:54] a5 is the strong threat.} a5 17. Be3 Bxe3 18. fxe3 Rxe3 19. Nc5 Rb8 20. Rfe1 Rxe1+ 21. Rxe1 $15 {[%emt 0:00:02][%cal Re1e8][%mdl 4096] Endgame KRB-KRN} Kf8 {[%emt 0:00:17] Prevents Re8+.} 22. b3 Rb6 {[%emt 0:00:18] White must now prevent ...Rc6.} 23. c3 Rc6 24. b4 Rb6 25. Rb1 (25. Nd3 $15) 25... d4 $17 26. cxd4 Rxb4 27. Rxb4 axb4 {[%emt 0:00:01] KB-KN} 28. Kf2 {[%emt 0:00:16] [#]} Ke7 $1 29. Ke3 Kd6 30. Kd3 (30. Nd3 $142) 30... Kd5 $19 31. a5 Bf5+ 32. Ke3 {[%emt 0:00:00] Threatens to win with a6.} Kc6 33. g4 Bc8 {[%emt 0:00:40] Strongly threatening ...Kb5.} 34. a6 Kb6 35. Nd3 b3 ({Stronger than} 35... Kxa6 36. Nxb4+ Kb5 37. Nd5 $17) 36. Nc5 h5 ({Weaker is} 36... Be6 37. Kd2 $19) 37. gxh5 Bxh3 {[%emt 0:00:13] aiming for ...b2.} 38. Nxb3 Bg4 39. h6 $2 (39. Nc5) 39... gxh6 40. Nc5 Bc8 41. Kf4 Bxa6 42. Nd7+ Kc6 43. Ne5+ (43. Nf6) 43... Kd5 {[%emt 0:00:01] Hoping for ...h5.} 44. Nxf7 h5 45. Ng5 Bc8 46. Ke3 Bf5 (46... h4 $142 47. Nf3 h3 48. Nh2 Bf5 49. Kf4 Be4 50. Ke3 Bh7 51. Nf3 Be4 52. Nh2 Bg6 53. Nf3 Bf5 54. Nh2 Be6 55. Nf3 Bg4 56. Nh2 Bf5 57. Kf4 Be4 58. Ke3) 47. Nf3 Be4 (47... Bc2 $142 48. Ng5 h4) 48. Ng5 Bg2 49. Kf2 {[%emt 0:00:05] [#]} Bh1 $1 50. Ke3 h4 51. Nh3 Kc4 52. Nf4 Bb7 53. Nh3 Bg2 54. Nf2 Kc3 55. Ng4 Bd5 56. Nf6 c6 57. Ng4 h3 58. Nh2 Kc2 59. Ng4 Be6 60. Nh2 Kd1 $2 (60... Bf7 {mates} 61. Ke2 Bh5+ 62. Kf2 Kd3 63. Nf1 Kxd4 64. Kg3 Kd3 65. Kxh3 Bf3 66. Kh2 c5 67. Kg3 Be2 68. Kf2 Bxf1 69. Kxf1 Kd2 70. Kg2 c4 71. Kg3 c3 72. Kf4 c2 73. Ke5 c1=Q 74. Kd6 Ke3 75. Kd5 Qc7 76. Ke6 Ke4 77. Kf6 Qe5+ 78. Kg6 Qe7 79. Kh5 Kf5 80. Kh6 Qc7 81. Kh5 Qh7#) 61. Kf2 $1 $11 Kc2 $2 (61... Kd2 $11 62. Nf3+ Kc3) 62. Ke3 $1 Bd5 63. Ng4 Bg2 64. Ke2 Be4 65. Ke3 Bf5 66. Nh2 Kd1 $2 (66... Be6 $19 67. Ke2 Bd5) 67. Kf2 $2 (67. Kf4 $11) 67... Be4 $2 (67... Kd2 $19 {( -> ...Kd3)} 68. Nf3+ Kd3) 68. Kg3 {[%emt 0:01:08] The position is equal.} Ke2 69. Ng4 Kd3 70. Ne5+ Kxd4 71. Nxc6+ $1 Bxc6 72. Kxh3 {[%emt 0:00:01] Weighted Error Value: White=0.41/Black=0.32} 1/2-1/2

[Event "Croatian 1A League 2022"]
[Site "Porec"]
[Date "2022.09.25"]
[Round "2.22"]
[White "Zufic, Miroslav"]
[Black "Martinovic, Sasa"]
[Result "0-1"]
[ECO "D36"]
[WhiteElo "2370"]
[BlackElo "2546"]
[Annotator "RC"]
[PlyCount "94"]
[EventDate "2022.09.24"]
[EventType "team-tourn"]
[EventCountry "CRO"]
[SourceTitle "playchess.com"]
[Source "ChessBase"]
[SourceQuality "1"]
[TimeControl "40/5400+30:1800+30"]

1. c4 e6 2. Nc3 d5 3. d4 Nf6 4. cxd5 exd5 5. Bg5 c6 6. e3 Be7 7. Bd3 Nbd7 8. Nge2 O-O 9. Qc2 Re8 10. Bf4 Nf8 11. h3 Ng6 12. g4 b5 13. O-O-O a5 14. Ng3 b4 15. Nce2 a4 16. Qd2 Bf8 17. Bg5 h6 18. Bf4 Nh4 19. Kb1 Be6 20. Rc1 Qb6 21. Qd1 c5 22. dxc5 Bxc5 23. Be5 Nd7 24. Bd4 Nf3 25. Nf5 Nxd4 26. Nexd4 a3 27. b3 Rac8 28. Rg1 Ne5 29. f4 Bxd4 30. Rxc8 Bxc8 31. Nxd4 Nxd3 32. Qxd3 Ba6 33. Qd2 Qg6+ 34. Ka1 Qd3 35. Qxb4 Qxe3 36. Rd1 Re4 37. Nc2 Qe2 38. Qd2 Qf3 39. Nxa3 Re2 40. Qc1 Qf2 41. Rxd5 Rxa2+ 42. Kb1 Re2 43. Nc2 Qf3 44. Rd8+ Kh7 45. Kb2 Qxh3 46. Qd1 Qxg4 47. Qd6 Qf5 0-1

[Event "Croatian 1A League 2022"]
[Site "Porec"]
[Date "2022.09.25"]
[Round "2.23"]
[White "Kurajica, Bojan"]
[Black "Franic, Milan"]
[Result "1-0"]
[ECO "B00"]
[WhiteElo "2488"]
[BlackElo "2365"]
[Annotator "TA"]
[PlyCount "71"]
[EventDate "2022.09.24"]
[EventType "team-tourn"]
[EventCountry "CRO"]
[SourceTitle "playchess.com"]
[Source "ChessBase"]
[SourceQuality "1"]
[TimeControl "40/5400+30:1800+30"]

1. Nf3 b6 2. e4 Bb7 3. Bc4 e6 4. Qe2 Nf6 5. Nc3 Be7 6. d4 {[%emt 0:02:07] B00: Queen's Fianchetto Defence, Nimzowitsch Defence.} d5 7. exd5 Nxd5 8. Nxd5 {[%emt 0:06:26] [#] White has an edge.} exd5 $146 ({Predecessor:} 8... Bxd5 9. Bd3 Bf6 10. c3 Bb7 11. O-O O-O 12. Bc2 Ba6 13. Qe4 g6 14. Qxa8 Bxf1 15. Kxf1 {1-0 (15) Kasianczuk,K (1682)-Cygan,M Wroclaw 2012}) 9. Bb5+ c6 10. Bd3 Nd7 11. Bg5 f6 (11... Nf8 $14) 12. Bf4 {[%emt 0:14:58] White is more active.} O-O $2 (12... Kf7 $16 {is a better defense.}) 13. Qe6+ $18 Kh8 14. Qh3 {[%emt 0:01:36][%csl Gd3][%cal Rh3h7] [#]} f5 15. Bxf5 Nf6 16. Ne5 {[%emt 0:02:04] And now Ng6+ would win.} Bc8 17. Ng6+ ({Weaker is} 17. Nxc6 Bxf5 18. Qxf5 Qe8 19. Nxe7 Qxe7+ 20. Qe5 Qb4+ 21. c3 Qxb2 $11) 17... Kg8 {[%emt 0:00:06] [#] aiming for ...Bxf5.} 18. Be6+ Rf7 {[%emt 0:03:53] White must now prevent ...Bxe6.} 19. Ne5 Qe8 {[%emt 0:01:51] Strongly threatening ...Bxe6.} 20. Bxf7+ Qxf7 21. Nxf7 Bxh3 22. Nh6+ ({Less strong is} 22. gxh3 Kxf7 23. O-O Ne4 $18) 22... gxh6 23. gxh3 Ne4 24. Rg1+ Kf7 25. Bxh6 Bf6 26. O-O-O Re8 27. f3 Nd6 28. Bf4 Nf5 29. c3 Nh4 30. Rde1 (30. Rgf1 $18) 30... Nxf3 $2 (30... Rxe1+ $16 31. Rxe1 Ng2) 31. Rxe8 {[%emt 0:00:20] White is clearly winning.} Nxg1 $16 {[%emt 0:00:22] KRB-KBN} 32. Re3 Bh4 33. Kd1 b5 34. Rd3 Kg6 35. Bg3 Bg5 36. Bf2 {[%emt 0:00:18] Black did not feel at home in the position after the opening.  Weighted Error Value: White=0.13 (very precise) /Black=0.52} 1-0

[Event "Croatian 1A League 2022"]
[Site "Porec"]
[Date "2022.09.25"]
[Round "2.24"]
[White "Rubil, Marko"]
[Black "Cvitan, Ognjen"]
[Result "1/2-1/2"]
[ECO "B12"]
[WhiteElo "2270"]
[BlackElo "2445"]
[Annotator "TA"]
[PlyCount "26"]
[EventDate "2022.09.24"]
[EventType "team-tourn"]
[EventCountry "CRO"]
[SourceTitle "playchess.com"]
[Source "ChessBase"]
[SourceQuality "1"]
[TimeControl "40/5400+30:1800+30"]

1. e4 c6 2. d4 d5 3. e5 c5 4. dxc5 e6 5. a3 Bxc5 6. b4 {[%emt 0:00:08] B12: Caro-Kann: Advance Variation.} Be7 7. Nf3 a5 8. b5 {[%emt 0:01:09] The position is equal.} ({But not} 8. Bb5+ Bd7 9. Bxd7+ Nxd7 $15) 8... Nd7 9. Bd3 f6 10. Bb2 fxe5 11. Nxe5 {[%emt 0:01:28] White is slightly better.} Nxe5 12. Bxe5 Nf6 13. O-O {[%emt 0:03:03] [#]} O-O $146 {[%emt 0:00:45] Weighted Error Value: White=0.02 (flawless) /Black=0.04 (flawless)} ({Predecessor:} 13... Bd6 14. f4 O-O 15. Nd2 Bd7 16. Kh1 Be8 17. Qe1 Qe7 18. Nf3 Ne4 19. Bxe4 dxe4 20. Qxe4 Bxb5 21. Bxd6 Qxd6 {½-½ (64) Forcen Esteban,D (2541)-Epishin,V (2536) Roquetas de Mar 2018}) 1/2-1/2